 Dungeon Crawl Stone Soup version 0.21-a0-241-g2cbab09 (webtiles) character file.

9345 Gorice the Severer (level 11, -1/90 HPs)
             Began as a Gnoll Berserker on Sept 3, 2017.
             Was an Elder of Trog.
             Slain by a skeletal warrior
             ... wielding a +0 halberd of flaming
              (7 damage)
             ... in a volcano.
             The game lasted 00:46:31 (12206 turns).

Gorice the Severer (Gnoll Berserker)               Turns: 12206, Time: 00:46:32

Health: -1/90      AC: 19    Str:  7    XL:     11   Next: 45%
Magic:  11/11      EV:  1    Int:  7    God:    Trog [****..]
Gold:   455        SH:  0    Dex:  7    Spells: 10/10 levels left

rFire    . . .     SeeInvis .   a - +1 battleaxe
rCold    . . .     Gourm    .   (shield currently unavailable)
rNeg     + . .     Faith    .   i - +0 plate armour
rPois    .         Spirit   .   m - +0 helmet
rElec    .         Reflect  .   f - +1 cloak
rCorr    .         Harm     .   (no gloves)
MR       .....                  (no boots)
Stlth    ..........             (no amulet)
HPRegen  0.25/turn              u - ring of positive energy
MPRegen  0.12/turn              z - +4 ring of slaying

@: berserk cooldown, slowed, studying Conjurations, very slow
A: unchanging attributes, fangs 1, strong nose
a: Berserk, Trog's Hand, Brothers in Arms, Burn Spellbooks, Renounce Religion


You were in a volcano.
You worshipped Trog.
Trog was greatly pleased with you.
You were near starving.

You visited 3 branches of the dungeon, and saw 10 of its levels.
You also visited: Volcano.

You collected 455 gold pieces.

Inventory:

Hand Weapons
 a - a +1 battleaxe (weapon)
 b - a +2 short sword of venom
   (You took it off a goblin on level 1 of the Dungeon)
 s - a +0 hunting sling
Missiles
 n - 46 sling bullets
 I - 6 tomahawks (quivered)
 Z - 213 stones
Armour
 f - a +1 cloak (worn)
 i - a +0 plate armour (worn)
 m - a +0 helmet (worn)
 Q - the cursed +0 leather armour "Wareohepn" {rN+ Int-5 Dex+2 Stlth+, unknown}
   (You took it off an orc on level 8 of the Dungeon)

   It affects your intelligence (-5).
   It affects your dexterity (+2).
   It protects you from negative energy.
   It makes you more stealthy.
   It has a curse placed upon it.
Jewellery
 u - a ring of positive energy (left hand)
 z - a +4 ring of slaying (right hand)
Wands
 y - a wand of confusion (0/48)
 O - a wand of flame (15/48)
 P - a wand of iceblast (4/15)
Scrolls
 B - 2 scrolls of magic mapping {!r}
 D - a scroll of fog
 H - a scroll of fear {!r}
 L - a scroll of remove curse
Potions
 d - 2 potions of flight {unknown}
 j - a potion of degeneration {unknown}
 p - a potion of haste {!q}
 r - 3 potions of curing
 t - 2 potions of lignification {!q}
 v - a potion of magic {unknown}
Books
 K - a book of Geomancy
 R - a manual of Conjurations {!d}
Comestibles
 c - 8 bread rations {!e}
 l - 2 meat rations {!e}
 x - 5 fruits
 J - a royal jelly


   Skills:
 - Level 10.0 Fighting
 * Level 16.1 Axes
 + Level 12.5 Armour
 - Level 2.6 Dodging


You had 10 spell levels left.
You didn't know any spells.

Dungeon Overview and Level Annotations

Branches:
Dungeon (8/15)             Temple (1/1) D:4            Lair (1/6) D:8

Altars:
Ashenzari
Cheibriados
Dithmenos
Elyvilon
Fedhas
Gozag
Hepliaklqana
Kikubaaqudgha
Makhleb
Nemelex Xobeh
Okawaru
Qazlal
Ru
Sif Muna
Trog
Uskayaw
Vehumet
Wu Jian
Xom
Yredelemnul
Zin
The Shining One


Innate Abilities, Weirdness & Mutations

Your physical attributes are unchanging.
You have very sharp teeth.
Your uncanny sense of smell can sniff out nearby items.


Message History

Unknown command.
You hit the skeletal warrior.
The skeletal warrior is heavily damaged.
Unknown command.
You barely miss the skeletal warrior.
The skeletal warrior is heavily damaged.
The skeletal warrior hits you but does no damage.
Unknown command.
Your plate armour prevents you from hitting the skeletal warrior.
The skeletal warrior is heavily damaged.
Unknown command.
You hit the skeletal warrior but do no damage.
The skeletal warrior is heavily damaged.
The skeletal warrior hits you with a halberd of flaming.
* * * LOW HITPOINT WARNING * * *
The skeletal warrior burns you.
* * * LOW HITPOINT WARNING * * *
Damage: 3 (max 21)
You slice the skeletal warrior!!
The skeletal warrior is almost destroyed.
Unknown command.
You hit the skeletal warrior but do no damage.
The skeletal warrior is almost destroyed.
The skeletal warrior hits you with a halberd of flaming.
* * * LOW HITPOINT WARNING * * *
The skeletal warrior burns you.
* * * LOW HITPOINT WARNING * * *
Damage: 5 (max 21)
Your plate armour prevents you from hitting the skeletal warrior.
Your bite misses the skeletal warrior.
The skeletal warrior is almost destroyed.
Unknown command.
You closely miss the skeletal warrior.
The skeletal warrior is almost destroyed.
The skeletal warrior hits you with a halberd of flaming!
* * * LOW HITPOINT WARNING * * *
The skeletal warrior burns you!
* * * LOW HITPOINT WARNING * * *
Damage: 23 (max 23)
You slash the skeletal warrior!
The skeletal warrior is almost destroyed.
You are no longer berserk.
You are exhausted.
You feel yourself slow down.
Damage: 3 (max 23) Unknown command.
You hit the skeletal warrior but do no damage.
The skeletal warrior is almost destroyed.
The skeletal warrior hits you with a halberd of flaming!
You die...

### #z# # ##@#####+##
≈## ###.........# ∆∆∆
§≈§# #§+.§≈§§§≈≈.+ ∆∆∆∆
§≈§§## ###.........# ∆∆∆
≈≈≈≈§## ##'#####'##
≈≈≈§§≈### #.#..⌠..#
≈≈≈§..#.##########.....#
§≈.....≈+...8....')....#
≈≈§≈≈...+........').∩..+


You could see a skeletal warrior.

Vanquished Creatures
  Gastronok (D:8)
  A two-headed ogre (D:8)
  Pikel (D:5)
  Joseph (D:7)
  2 gargoyles (Volcano)
  A komodo dragon (Lair:1)
  2 hippogriffs (D:8)
  2 flying skulls (Volcano)
  An alligator skeleton (Volcano)
  A human (D:7)
  4 hogs
  2 wargs (D:8)
  A water moccasin (D:8)
  2 hell hounds (Lair:1)
  4 orc warriors
  A porcupine (Lair:1)
  2 sky beasts (D:7)
  2 black bears
  2 ice beasts
  2 slaves (D:5)
  2 ogres (D:6)
  A phantom (D:4)
  3 centaurs
  A crocodile (Lair:1)
  A wyvern zombie (D:7)
  3 bullfrogs (D:7)
  A water moccasin zombie (D:7)
  4 scorpions
  A spriggan skeleton (Volcano)
  A troll skeleton (Volcano)
  3 crimson imps
  A bullfrog zombie (D:5)
  2 centaur zombies
  5 orc priests
  A quasit (D:7)
  2 hounds
  A jelly (D:5)
  3 bullfrog skeletons
  A centaur skeleton (D:8)
  Terence (D:3)
  3 iguanas
  2 worker ants
  5 orc wizards
  A hound zombie (D:7)
  2 worker ant zombies
  A howler monkey skeleton (D:4)
  4 gnolls (D:3)
  10 adders
  2 shadow imps
  4 oozes
  4 worms
  2 dart slugs
  5 leopard geckos
  20 orcs
  9 giant cockroaches
  7 goblins
  10 hobgoblins
  2 jackals (D:8)
  3 kobolds (D:1)
  6 quokkas
  2 ball pythons
  6 bats
  3 frilled lizards
  A quokka zombie (D:5)
  9 rats
196 creatures vanquished.

Vanquished Creatures (others)
  A flying skull (Volcano)
  3 orcs (D:5)
4 creatures vanquished.

Grand Total: 200 creatures vanquished

Notes
Turn   | Place    | Note
-------+----------+-------------------------------------------
     0 | D:1      | Gorice the Gnoll Berserker began the quest for the Orb.
     0 | D:1      | Reached XP level 1. HP: 19/19 MP: 1/1
   233 | D:1      | HP: 4/28 [hobgoblin/club (6)]
   577 | D:1      | Reached XP level 2. HP: 18/25 MP: 2/2
   789 | D:1      | Reached skill level 5 in Axes
  1444 | D:2      | Reached XP level 3. HP: 30/30 MP: 3/3
  1745 | D:2      | Reached ** piety under Trog
  1745 | D:2      | Reached skill level 6 in Axes
  1872 | D:2      | Reached XP level 4. HP: 36/37 MP: 4/4
  2611 | D:3      | Reached skill level 7 in Axes
  2611 | D:3      | Reached XP level 5. HP: 29/42 MP: 5/5
  2805 | D:3      | Found a sparkling altar of Nemelex Xobeh.
  2893 | D:3      | Noticed Terence
  2925 | D:3      | Killed Terence
  2998 | D:3      | Reached skill level 3 in Armour
  3012 | D:3      | Reached skill level 8 in Axes
  3065 | D:3      | HP: 11/42 [gnoll (7)]
  3420 | D:3      | Reached XP level 6. HP: 41/48 MP: 6/6
  4151 | D:4      | Reached skill level 9 in Axes
  4151 | D:4      | Reached skill level 4 in Armour
  4429 | D:4      | Found a staircase to the Ecumenical Temple.
  4438 | Temple   | Entered the Ecumenical Temple
  4600 | D:4      | HP: 14/48 [poisoned by a worker ant]
  4839 | D:4      | Noticed a phantom
  4919 | D:4      | Killed a phantom
  4919 | D:4      | Reached XP level 7. HP: 20/54 MP: 7/7
  5189 | D:4      | Reached *** piety under Trog
  5862 | D:4      | Reached skill level 5 in Armour
  5897 | D:5      | Entered Level 5 of the Dungeon
  5917 | D:5      | Reached skill level 10 in Axes
  6051 | D:5      | Found a hazy altar of Hepliaklqana.
  6370 | D:5      | Found a glowing golden altar of the Shining One.
  6700 | D:5      | Noticed Pikel
  6720 | D:5      | HP: 24/81 [slave[Pikel] (2)]
  6724 | D:5      | Killed Pikel
  6724 | D:5      | Reached skill level 11 in Axes
  6724 | D:5      | Reached skill level 6 in Armour
  6724 | D:5      | Reached XP level 8. HP: 22/60 MP: 8/8
  6978 | D:5      | Reached skill level 7 in Armour
  7314 | D:6      | Reached skill level 12 in Axes
  7803 | D:7      | Reached skill level 5 in Fighting
  7803 | D:7      | Reached XP level 9. HP: 39/68 MP: 9/9
  7836 | D:7      | Reached skill level 8 in Armour
  7904 | D:7      | HP: 26/102 [orc warrior/battleaxe (12)]
  7926 | D:7      | HP: 8/68 [iguana (7)]
  7964 | D:7      | HP: 29/103 [sky beast (6)]
  7967 | D:7      | HP: 12/69 [sky beast (6)]
  8061 | D:6      | HP: 30/103 [black bear (7)]
  8296 | D:7      | Reached skill level 6 in Fighting
  8380 | D:7      | Noticed Joseph
  8411 | D:7      | Killed Joseph
  8411 | D:7      | Reached skill level 13 in Axes
  8411 | D:7      | Reached skill level 9 in Armour
  8714 | D:7      | Received a gift from Trog
  8714 | D:7      | Reached skill level 7 in Fighting
  8732 | D:7      | Reached **** piety under Trog
  8956 | D:6      | HP: 20/73 [hog (10)]
  8958 | D:6      | Reached skill level 8 in Fighting
  8958 | D:6      | Reached skill level 10 in Armour
  8958 | D:6      | Reached XP level 10. HP: 17/80 MP: 10/10
  9509 | D:8      | Noticed Gastronok
  9587 | D:8      | Killed Gastronok
  9587 | D:8      | Reached skill level 9 in Fighting
  9587 | D:8      | Reached skill level 14 in Axes
  9587 | D:8      | Reached skill level 11 in Armour
 10064 | D:8      | Reached skill level 10 in Fighting
 10410 | D:8      | Found a staircase to the Lair.
 10429 | D:8      | Reached XP level 11. HP: 69/90 MP: 11/11
 10437 | D:8      | Reached skill level 15 in Axes
 10577 | D:8      | Noticed a two-headed ogre
 10596 | D:8      | Killed a two-headed ogre
 10596 | D:8      | Reached skill level 12 in Armour
 10611 | D:8      | Got a heavily runed leather armour
 10691 | D:8      | HP: 24/90 [orc warrior/hand axe (11)]
 11257 | Lair:1   | Entered Level 1 of the Lair of Beasts
 11578 | Lair:1   | Found a dark tunnel.
 11606 | Volcano  | Entered a volcano
 11914 | Volcano  | Reached skill level 16 in Axes
 12187 | Volcano  | Noticed a skeletal warrior
 12194 | Volcano  | HP: 40/135 [skeletal warrior/halberd of flaming (7)]
 12200 | Volcano  | HP: 37/135 [skeletal warrior/halberd of flaming (2)]
 12204 | Volcano  | HP: 17/135 [skeletal warrior/halberd of flaming (15)]
 12206 | Volcano  | Slain by a skeletal warrior

Vault maps used:
D:1:      sevenhm_arrival_forest_fort_large_2
D:2:      minivault_26
D:3:      minmay_misc_feat_square, serial_park_tiny_1, eino_tiny_chamber,
          nemelex_xobeh_ov_fountains_minmay, uniq_terence
D:4:      temple_statues, first_bread
D:5:      basic_altar, tso_metal_star, uniq_pikel
D:7:      grunt_livestock, minmay_misc_feat_ornament, hangedman_decor_riveting,
          uniq_joseph
D:8:      erik_lair_orcish_takeover, kennysheep_dice, uniq_gastronok
Temple:   compressed_dpeg_circular_temple
Lair:1:   basic_altar, enter_volcano_3
Volcano:  volcano_tomb

Skill      XL: |  1  2  3  4  5  6  7  8  9 10 11 |
---------------+----------------------------------+-----
Axes           | 5 6 7 8 9 11 12 13 14 16 | 16.1
Armour         | 3 4 6 7 10 11 12 | 12.5
Fighting       | 5 8 10 | 10.0
Dodging        | |  2.6

Action                   |  1- 3 |  4- 6 |  7- 9 | 10-12 || total
-------------------------+-------+-------+-------+-------++-------
Melee: Hand axe          |    51 |   177 |   149 |       ||   377
       Short sword       |    67 |   120 |    90 |    65 ||   342
       Bite              |     1 |    17 |    21 |    22 ||    61
       Battleaxe         |       |       |    89 |   234 ||   323
Throw: Stone             |    24 |    16 |     5 |       ||    45
       Tomahawk          |       |     9 |    32 |    14 ||    55
Invok: Berserk           |     2 |     2 |     5 |     7 ||    16
       Trog's Hand       |       |     1 |       |     1 ||     2
Evoke: Wand              |       |       |     3 |     3 ||     6
  Use: Scroll            |       |     7 |     5 |     4 ||    16
       Potion            |       |       |     1 |       ||     1
  Eat: Chunk             |     3 |     9 |    15 |    10 ||    37
       Fruit             |     2 |       |     4 |     1 ||     7
       Royal jelly       |       |     1 |       |     3 ||     4
Armor: Animal skin       |    22 |     5 |       |       ||    27
       Ring mail         |       |    83 |    32 |       ||   115
       Chain mail        |       |       |   162 |     2 ||   164
       Plate armour      |       |       |       |   253 ||   253
Dodge: Dodged            |    90 |   122 |    80 |    19 ||   311

Table legend:
 A = Spawn XP
 B = Non-spawn XP
 C = Spawn XP percentage of total XP
 D = Spawn monster count
 E = Non-spawn monster count
 F = Spawn count percentage of total count
 G = Total turns spent on level
                    A         B        C        D         E        F      G
               +---------+---------+-------+---------+---------+-------+---------
         Total |     850 |   12501 |   6.4 |      35 |     159 |  18.0 | 12206
               +---------+---------+-------+---------+---------+-------+---------
           D:1 |      13 |      16 |  44.8 |       6 |      11 |  35.3 |  1408
           D:2 |       4 |      85 |   4.5 |       2 |      17 |  10.5 |   882
           D:3 |      53 |     187 |  22.1 |       5 |      32 |  13.5 |  1638
           D:4 |     122 |     362 |  25.2 |       4 |      12 |  25.0 |  1869
           D:5 |       0 |    1020 |   0.0 |       0 |      14 |   0.0 |  1329
           D:6 |     144 |     891 |  13.9 |       2 |       9 |  18.2 |  1173
           D:7 |     348 |    2451 |  12.4 |      11 |      30 |  26.8 |  1338
           D:8 |      21 |    5043 |   0.4 |       4 |      23 |  14.8 |  1687
        Lair:1 |     145 |     792 |  15.5 |       1 |       4 |  20.0 |   182
       Volcano |       0 |    1654 |   0.0 |       0 |       7 |   0.0 |   600
               +---------+---------+-------+---------+---------+-------+---------

Table legend:
 A = Turns spent in this place as a percentage of turns spent in the entire game.
 B = Non-inter-level travel turns spent in this place as a percentage of non-inter-level travel turns spent in the entire game.
 C = Inter-level travel turns spent in this place as a percentage of turns spent in this place.
 D = Turns resting spent in this place as a percentage of non-inter-level travel turns spent in this place.
 E = Turns spent auto-exploring this place as a percentage of non-inter-level travel turns spent in this place.
 F = Non-inter-level travel turns spent in this place divided by the number of levels of this place that you've seen.
                   A       B       C       D       E      F
               +-------+-------+-------+-------+-------+----------------------
         Total | 100.0 | 100.0 |   2.9 |  36.0 |  31.8 | 1077.8
       Dungeon |  92.8 |  92.7 |   2.9 |  34.8 |  33.6 | 1373.9
        Temple |   0.8 |   0.7 |  17.0 |   0.0 |  97.6 |  83.0
          Lair |   1.5 |   1.5 |   0.0 |   6.0 |   0.0 | 182.0
       Volcano |   4.9 |   5.1 |   0.0 |  71.3 |   0.0 | 600.0
               +-------+-------+-------+-------+-------+----------------------

Vault maps used:
D:1:      sevenhm_arrival_forest_fort_large_2
D:2:      minivault_26
D:3:      minmay_misc_feat_square, serial_park_tiny_1, eino_tiny_chamber,
          nemelex_xobeh_ov_fountains_minmay, uniq_terence
D:4:      temple_statues, first_bread
D:5:      basic_altar, tso_metal_star, uniq_pikel
D:7:      grunt_livestock, minmay_misc_feat_ornament, hangedman_decor_riveting,
          uniq_joseph
D:8:      erik_lair_orcish_takeover, kennysheep_dice, uniq_gastronok
Temple:   compressed_dpeg_circular_temple
Lair:1:   basic_altar, enter_volcano_3
Volcano:  volcano_tomb
